 Dungeon Crawl Stone Soup version 0.28-a0-1389-gc726bef (webtiles) character file.

Game seed: 2512296010992052479

256 Illumine the Ruffian (level 5, -1/50 HPs)
             Began as a Troll Monk on Jan 3, 2022.
             Slain by Edmund (5 damage)
             ... on level 4 of the Dungeon.
             The game lasted 00:03:15 (2390 turns).

Illumine the Ruffian (Troll Monk)                   Turns: 2390, Time: 00:03:15

Health: -1/50      AC:  4    Str: 20 (21) XL:     5   Next: 92%
Magic:  4/4        EV: 10    Int:  5 (6)  God:
Gold:   131        SH:  0    Dex:  9 (12) Spells: 4/4 levels left

rFire   . . .      SeeInvis .     - Unarmed
rCold   + . .      Faith    .   (no shield)
rNeg    . . .      Spirit   .   a - +0 robe
rPois   .          Reflect  .   (helmet restricted)
rElec   .          Harm     .   (no cloak)
rCorr   .          Rampage  .   (gloves unavailable)
Will    .....                   (boots unavailable)
Stlth   +.........              (no amulet)
HPRegen 0.96/turn               k - ring of protection from cold
MPRegen 0.09/turn               (no ring)

@: no status effects
A: large, unfitting armour, claws 3, regeneration 1, shaggy fur 1, tough skin 1
a: no special abilities


You were on level 4 of the Dungeon.
You visited 1 branch of the dungeon, and saw 4 of its levels.

You collected 131 gold pieces.

Inventory:

Missiles
 c - 18 poisoned darts (quivered)
 h - 4 boomerangs
Armour
 a - a +0 robe (worn)
Jewellery
 k - a ring of protection from cold (left claw)
Wands
 l - a wand of flame (10)
Scrolls
 b - 3 scrolls of enchant armour {unknown}
 d - 2 scrolls of teleportation {unknown}
 g - a scroll of noise {unknown}
 i - a scroll of enchant weapon {unknown}
Potions
 e - 2 potions of curing {unknown}
 f - a potion of heal wounds {unknown}
 j - 4 potions of degeneration


   Skills:
 - Level 2.4 Fighting
 + Level 2.0 Throwing
 - Level 2.4 Dodging
 - Level 1.0 Stealth
 * Level 6.2 Unarmed Combat


You had 4 spell levels left.
You didn't know any spells.
Your spell library contained the following spells:

 Spells                   Type           Power      Damage    Failure   Level
 Passwall                 Tmut/Erth      0%         N/A       63%         2
 Swiftness                Air            0%         N/A       85%         3


Dungeon Overview and Level Annotations

Branches:
Dungeon (4/15)
 Temple: D:4-7

Altars:
Ashenzari
Vehumet

Annotations:
D:4 Edmund


Innate Abilities, Weirdness & Mutations

You are too large for most types of armour.
You have claws for hands.
Your natural rate of healing is unusually fast.
You are covered in fur. (AC +1)
You have tough skin. (AC +1)


Message History

You barely miss the orc. The orc hits you with a +0 whip.
An endoplasm comes into view.
You claw Edmund!
Edmund is moderately wounded.
The orc completely misses you.
Edmund hits you with a +2 vorpal dire flail.
You mangle the orc!!
You kill the orc!
Edmund says, "You wouldn't believe how much I paid for this flail."
Edmund closely misses you.
You scratch the orc priest but do no damage.
The orc priest miscasts a cantrip.
Edmund closely misses you.
You mangle the orc priest!!
You kill the orc priest!
Edmund hits you with a +2 vorpal dire flail.
Your Throwing skill increases to level 2!
You closely miss Edmund.
Edmund is moderately wounded.
The endoplasm freezes you.
You are frozen.
You resist.
Edmund hits you with a +2 vorpal dire flail!
* * * LOW HITPOINT WARNING * * *
You claw Edmund!
Edmund is heavily wounded.
The endoplasm freezes you.
You are frozen.
You resist.
* * * LOW HITPOINT WARNING * * *
You closely miss Edmund.
Edmund is heavily wounded.
Edmund hits you with a +2 vorpal dire flail!
* * * LOW HITPOINT WARNING * * *
x2 The endoplasm hits you.
* * * LOW HITPOINT WARNING * * *
Unknown command.
It was a potion of degeneration.
There was something very wrong with that liquid.
You feel weakened.
You feel dopey.
You feel clumsy.
Edmund hits you with a +2 vorpal dire flail.
You die...

... ... ... #
#.# .#
#.##.#)#
#).....# #..#
#@J# #@.#
.#######..#
.......<..#
########.....#
..##..# ##.#
[+# #.. . #..
.. #... ..


You could see Edmund and an endoplasm.

Vanquished Creatures
  A bullfrog (D:3)
  An orc priest (D:4)
  An orc wizard (D:3)
  Terence (D:2)
  A hound skeleton (D:2)
  A howler monkey skeleton (D:3)
  3 adders
  A worm (D:3)
  3 dart slugs
  6 orcs
  2 bats
  An endoplasm (D:1)
  A giant cockroach (D:2)
  5 goblins
  4 hobgoblins
  2 quokkas
  5 ball pythons
  4 frilled lizards
  3 kobolds
  7 rats
53 creatures vanquished.

Vanquished Creatures (others)
  10 plants (D:2)
10 creatures vanquished.

Grand Total: 63 creatures vanquished

Notes
Turn   | Place    | Note
-------+----------+-------------------------------------------
     0 | D:1      | Illumine the Troll Monk began the quest for the Orb.
     0 | D:1      | Reached XP level 1. HP: 22/22 MP: 0/0
   135 | D:1      | Reached XP level 2. HP: 28/29 MP: 1/1
   331 | D:1      | Reached skill level 4 in Unarmed Combat
   616 | D:2      | Found a faded altar of an unknown god.
   813 | D:2      | Reached XP level 3. HP: 36/36 MP: 2/2
  1129 | D:2      | Noticed Terence
  1133 | D:2      | Killed Terence
  1134 | D:2      | Reached skill level 5 in Unarmed Combat
  1134 | D:2      | Reached XP level 4. HP: 44/44 MP: 3/3
  1657 | D:3      | Noticed a bullfrog
  1666 | D:3      | Killed a bullfrog
  1667 | D:3      | Reached skill level 1 in Throwing
  1667 | D:3      | Reached XP level 5. HP: 22/50 MP: 4/4
  1768 | D:3      | Found a broken altar of Ashenzari.
  1816 | D:3      | Found a radiant altar of Vehumet.
  1883 | D:3      | Reached skill level 6 in Unarmed Combat
  2376 | D:4      | Noticed Edmund
  2387 | D:4      | HP: 2/50 [endoplasm (2)]
  2390 | D:4      | Slain by Edmund

Illustrated notes

Levels and vault maps discovered:
D:1:      scummos_arrival_forest, layout_basic
D:2:      layout_loops_corners, serial_forest, infiniplex_forest_clump_medium,
          infiniplex_forest_end_2, infiniplex_forest_diagonal,
          infiniplex_forest_clump_double, infiniplex_forest_clump_tiny,
          infiniplex_forest_zigzag_1, infiniplex_forest_clump_C,
          infiniplex_forest_corner_1, infiniplex_forest_straight_2,
          hellmonk_ecumenical_altar_pennies_from_heaven, uniq_terence
D:3:      layout_basic, vehumet_altar_wand_db, mainiacjoe_overflow_24_doors
D:4:      layout_basic, gup_sewer_entry_glass, uniq_eustachio, uniq_edmund,
          uniq_natasha

Skill      XL: |  1  2  3  4  5 |
---------------+----------------+-----
Unarmed Combat | 4 5 6 |  6.2
Throwing       | 1 2 |  2.0
Fighting       | |  2.4
Dodging        | |  2.4
Stealth        | |  1.0

Action                   |  1- 3 |  4- 6 || total
-------------------------+-------+-------++-------
Melee: Unarmed           |    66 |    66 ||   132
       Punch             |     1 |       ||     1
  Use: Potion            |       |     1 ||     1
 Stab: Sleeping          |     2 |     1 ||     3
Armor: Robe              |    17 |    15 ||    32
Dodge: Dodged            |    30 |    24 ||    54

Table legend: (Time is in decaauts)
 A = Elapsed time spent in this place.
 B = Non-inter-level travel time spent in this place.
 C = Inter-level travel time spent in this place.
 D = Time resting spent in this place.
 E = Time spent auto-exploring this place.
 F = Levels seen in this place.
 G = Mean time per level.
                   A        B        C        D        E       F      G
               +--------+--------+--------+--------+--------+-----+--------+
         Total |   2379 |   2271 |    108 |     29 |   1878 |   4 |  594.8 |
       Dungeon |   2379 |   2271 |    108 |     29 |   1878 |   4 |  594.8 |
               +--------+--------+--------+--------+--------+-----+--------+

Top non-repeatable levels by time:
     D:2: 1028 daAuts
     D:3: 766 daAuts
     D:1: 566 daAuts
     D:4: 17 daAuts
